Map: Curious Minds LE

Players

Serral

  • Race: Zerg Zerg

DPGrogue (Rogue) - Winner!

  • Race: Zerg Zerg

Event: TSL 8

VOD

Have the link to the VOD?

Description

Time

  • Played on: Dec. 12, 2021, 8:52 a.m.
  • Length: 10:05

All games in this series

Show
View Real Time Build Order
Export as new Build Order

Serral Zerg 

Build Orders: Hatch First 

Get SALT Encoding   

  12  0:00  Drone  
  13  0:11  Overlord  
  13  0:16  Drone  
  14  0:30  Drone x2  
  16  0:46  Hatchery  
  15  0:50  Drone  
  15  0:54  Drone  
  17  0:57  Drone  
  18  1:08  Extractor  
  17  1:12  Spawning Pool  
  17  1:16  Drone  
  17  1:19  Drone  
  18  1:27  Drone  
  19  1:59  Zergling x8  
  19  2:00  Queen x2  
  27  2:09  Zergling x2  
  27  2:12  Overlord  
  27  2:31  Drone x2  
  29  2:42  Queen  
  31  2:49  Overlord  
  31  2:52  Drone  
  31  2:54  Drone  
  31  2:57  Drone  
  34  3:00  Drone  
  35  3:08  Evolution Chamber  
  35  3:10  Drone x2  
  37  3:12  Drone  
  37  3:14  Drone  
  37  3:17  Drone  
  39  3:24  Overlord  
  39  3:26  Drone  
  40  3:27  Drone  
  40  3:29  Drone  
  40  3:33  Drone  
  43  3:39  Zerg Ground Armor Level 1  
  43  3:45  Drone x3  
  46  3:49  Overlord  
  46  3:58  Drone  
  46  4:00  Overlord  
  46  4:01  Roach Warren  
  46  4:09  Metabolic Boost  
  47  4:17  Drone x4  
  47  4:19  Extractor  
  47  4:20  Zergling x10  
  54  4:31  Hatchery  
  54  4:37  Zergling x6  
  55  4:46  Lair  
  55  4:50  Zergling x10  
  60  4:53  Overlord  
  60  4:58  Zergling x6  
  63  5:02  Overlord  
  63  5:09  Zergling x2  
  64  5:20  Zergling x2  
  64  5:21  Zergling x6  
  68  5:36  Zergling x10  
  68  5:40  Zergling x8  
  68  5:41  Zerg Missile Weapons Level 1  
  71  5:45  Zergling x2  
  71  5:49  Glial Reconstitution  
  67  5:52  Drone x2  
  67  5:54  Drone, Overseer  
  70  6:01  Drone x3  
  70  6:04  Roach x2, Extractor  
  75  6:08  Roach x3  
  75  6:10  Overlord  
  81  6:12  Roach  
  81  6:18  Roach x2  
  87  6:22  Overlord  
  89  6:25  Roach  
  89  6:27  Overlord x2  
  89  6:40  Roach x6  
  89  6:44  Roach  
  103  6:50  Overlord  
  103  6:52  Roach x3  
  109  7:01  Roach x2  
  113  7:07  Roach x2  
  113  7:08  Roach  
  119  7:13  Roach x2  
  123  7:19  Overlord x2  
  123  7:23  Roach x3  
  128  7:38  Drone x3, Extractor  
  128  7:40  Roach x5  
  140  7:46  Extractor, Overlord  
  140  7:47  Drone x2  
  140  7:48  Drone  
  142  7:52  Roach  
  142  7:53  Roach  
  142  7:56  Overlord  
  146  8:01  Overlord  
  146  8:04  Overlord  
  146  8:09  Overlord  
  152  8:20  Roach x3  
  152  8:24  Ravager x2  
  153  8:29  Roach x3  
  159  8:35  Roach x3  
  159  8:38  Overlord  
  165  8:41  Overlord  
  165  8:44  Ravager  
  166  8:50  Roach x2  
  166  8:55  Overlord x2  
  170  8:59  Overlord  
  153  9:10  Roach x3  
  153  9:11  Roach x2  
  151  9:17  Roach x2  
  150  9:25  Roach x3  
  153  9:38  Zergling x16  
Show
View Real Time Build Order
Export as new Build Order

DPGrogue Zerg - Winner!

Build Orders: Pool First 

Get SALT Encoding   

  12  0:18  Spawning Pool  
  12  0:21  Drone  
  12  0:26  Drone  
  13  0:30  Drone  
  14  0:39  Overlord  
  14  1:05  Zergling x6  
  17  1:15  Hatchery  
  17  1:17  Zergling x2  
  17  1:27  Zergling x2  
  17  1:31  Queen  
  20  1:37  Zergling x2  
  21  1:48  Overlord  
  21  1:59  Drone  
  22  2:07  Queen  
  24  2:10  Drone  
  25  2:23  Drone  
  25  2:27  Drone  
  25  2:31  Queen  
  25  2:32  Drone  
  28  2:38  Drone  
  28  2:41  Drone x3  
  32  2:46  Overlord  
  32  2:49  Drone  
  33  2:57  Drone  
  34  3:00  Drone  
  35  3:06  Drone  
  35  3:08  Extractor  
  36  3:12  Drone  
  36  3:16  Drone x3  
  39  3:21  Drone, Overlord  
  40  3:31  Overlord  
  40  3:32  Drone  
  41  3:40  Evolution Chamber  
  41  3:41  Drone  
  41  3:43  Drone x3  
  45  3:48  Drone x3  
  45  3:55  Drone x2, Roach Warren, Extractor x2  
  46  4:03  Drone  
  46  4:07  Drone  
  46  4:08  Lair  
  48  4:12  Overlord  
  48  4:13  Drone x2  
  48  4:15  Drone  
  51  4:19  Drone x4  
  55  4:27  Overlord  
  55  4:30  Zerg Missile Weapons Level 1  
  55  4:37  Evolution Chamber  
  54  4:43  Roach x4  
  61  4:46  Overlord  
  63  4:53  Roach x2  
  63  4:54  Roach  
  67  5:04  Overlord  
  67  5:08  Hatchery, Glial Reconstitution  
  67  5:14  Roach x3  
  72  5:20  Overlord  
  72  5:21  Overlord  
  72  5:23  Roach  
  72  5:27  Overlord  
  74  5:32  Roach x2  
  78  5:36  Roach x2  
  78  5:39  Roach x2  
  78  5:42  Roach  
  83  5:44  Roach  
  83  5:46  Roach  
  81  5:51  Roach  
  81  5:52  Roach  
  81  5:54  Roach  
  87  5:57  Roach  
  89  6:04  Queen  
  89  6:06  Roach  
  93  6:16  Zerg Ground Armor Level 1  
  93  6:17  Drone x4  
  97  6:19  Drone  
  97  6:20  Extractor  
  97  6:22  Drone x2  
  99  6:30  Drone  
  100  6:36  Zerg Missile Weapons Level 2, Overlord  
  100  6:38  Drone  
  101  6:43  Overseer, Overlord  
  101  6:46  Extractor  
  100  6:48  Roach  
  100  6:49  Roach x2  
  100  6:50  Overlord  
  106  6:56  Roach x3  
  112  7:03  Roach x3  
  112  7:05  Drone x3  
  112  7:06  Drone  
  112  7:08  Overlord  
  122  7:12  Roach  
  124  7:17  Roach x3  
  124  7:20  Overlord  
  124  7:22  Overlord  
  130  7:26  Overlord  
  130  7:28  Drone  
  131  7:34  Roach x3  
  131  7:36  Overlord  
  137  7:40  Ravager x2  
  137  7:41  Ravager x2  
  137  7:42  Overlord  
  137  7:44  Roach  
  143  7:48  Roach, Extractor  
  144  7:52  Roach x2  
  144  7:56  Roach x2  
  154  8:05  Roach  
  154  8:06  Roach x3  
  154  8:12  Roach  
  162  8:13  Roach x2  
  162  8:17  Roach  
  162  8:18  Roach x2  
  162  8:19  Roach  
  174  8:25  Roach x2  
  178  8:30  Overlord x2  
  178  8:31  Overlord  
  178  8:40  Overlord  
  178  8:42  Overlord  
  178  8:46  Overlord  
  176  8:50  Roach x4  
  176  8:53  Roach  
  176  8:54  Ravager x4  
  176  8:55  Ravager  
  191  9:01  Roach x3  
  194  9:06  Roach  
  194  9:07  Roach x2  
  182  9:11  Roach  
  182  9:12  Roach  
  182  9:14  Roach  
  180  9:21  Roach  
  180  9:22  Roach x3  
  186  9:28  Roach  
  186  9:31  Roach  
  186  9:32  Roach x3  
  186  9:36  Roach  
  186  9:37  Roach  
  184  9:38  Roach  
Tags
 
Add a new tag
Caveats
  • Supply blocks, unpowered buildings, or Contaminate may cause inaccurate times.
  • Supply counts are checked every 10 seconds.